 Dungeon Crawl Stone Soup version 0.25-a0-523-g9afb2ee040 (webtiles) character file.

Game seed: 16503228891759628888, levelgen mode: deterministic

4440 Flugslaktarn the Cleaver (level 10, -6/92 HPs)
             Began as a Deep Dwarf Fighter on Feb 18, 2020.
             Mangled by a two-headed ogre
             ... wielding a +0 dire flail
              (13 damage)
             ... on level 9 of the Dungeon.
             The game lasted 00:04:09 (4927 turns).

Flugslaktarn the Cleaver (Deep Dwarf Fighter)       Turns: 4927, Time: 00:04:09

Health: -6/92      AC:  9    Str: 22    XL:     10   Next: 14%
Magic:  0/0 (1)    EV:  8    Int: 12    God:
Gold:   197        SH: 11    Dex: 12    Spells: 9/9 levels left

rFire    + . .     SeeInvis .   s - +5 hand axe "Mimeges" {antimagic, rPois Int+2 Stlth+}
rCold    + . .     Gourm    .   c - +0 kite shield
rNeg     . . .     Faith    .   b - +0 scale mail
rPois    +         Spirit   .   (no helmet)
rElec    .         Reflect  .   (no cloak)
rCorr    .         Harm     .   (no gloves)
MR       +....                  g - +0 pair of boots
Stlth    +.........             (no amulet)
HPRegen  0.00/turn              f - ring of protection from fire
MPRegen  0.07/turn              (no ring)

@: non-regenerating, lightly drained
A: damage resistance, heal wounds, cold resistance 1, sense surroundings 3,
poison resistance, no regeneration
a: Heal Wounds


You were on level 9 of the Dungeon.
You were not hungry.

You visited 2 branches of the dungeon, and saw 10 of its levels.
You also visited: Sewer.

You collected 433 gold pieces.
You spent 236 gold pieces at shops.

Inventory:

Hand Weapons
 a - a +1 war axe
 m - a +0 broad axe
   (You took it off a wight on level 9 of the Dungeon)
 s - the +5 hand axe "Mimeges" (weapon) {antimagic, rPois Int+2 Stlth+}
   (You bought it in a shop on level 4 of the Dungeon)

   It reduces the magical energy of the wielder, and disrupts the spells and
   magical abilities of those hit.
   Natural abilities and divine invocations are not affected.
   It affects your intelligence (+2).
   It protects you from poison.
   It makes you more stealthy.
Armour
 b - a +0 scale mail (worn)
 c - a +0 kite shield (worn)
 g - a +0 pair of boots (worn)
   (You found it on level 2 of the Dungeon)
Jewellery
 f - a ring of protection from fire (left hand)
   (You found it on level 4 of the Dungeon)
 h - an uncursed ring of fire {unknown}
   (You found it on level 8 of the Dungeon)
Wands
 u - a wand of iceblast (9)
   (You found it on level 7 of the Dungeon)
Scrolls
 o - a scroll of enchant weapon
Potions
 d - 2 potions of might
 j - 3 potions of brilliance
 k - 4 potions of stabbing
 l - a potion of ambrosia
 n - a potion of resistance
 p - a potion of degeneration {unknown}
 q - 6 potions of curing
 w - 7 potions of heal wounds
 x - 2 potions of magic {unknown}
Comestibles
 e - 7 rations
 i - 14 chunks of flesh


   Skills:
 + Level 6.6(6.5) Fighting
 * Level 10.5(10.3) Axes
 + Level 7.9(7.8) Armour
 + Level 8.0(7.8) Shields


You had 9 spell levels left.
You didn't know any spells.
Your spell library was empty.

Dungeon Overview and Level Annotations

Branches:
Dungeon (9/15)             Temple (1/1) D:6            Lair (0/6) D:9
  Sewer (visited)
    Orc: D:9-12

Altars:
Ashenzari
Cheibriados
Dithmenos
Elyvilon
Fedhas
Gozag
Kikubaaqudgha
Nemelex Xobeh
Qazlal
Sif Muna
Uskayaw
Vehumet
Wu Jian
Yredelemnul
Zin
The Shining One
Lugonu

Shops:
D:4 (   D:6 (   D:8 ***


Innate Abilities, Weirdness & Mutations

You are resistant to damage.
You can heal yourself by infusing magical energy.
You passively map a large area around you.
You do not regenerate.
Your flesh is cold resistant. (rC+)
Your system is resistant to poisons. (rPois)


Message History

The two-headed ogre is heavily wounded.
You block the two-headed ogre's attack. The two-headed ogre closely misses you.
You hit the two-headed ogre.
The two-headed ogre is severely wounded.
The two-headed ogre hits you with a +0 dire flail!!
The two-headed ogre hits you with a +0 giant club!
* * * LOW HITPOINT WARNING * * *
You hit the two-headed ogre but do no damage.
The two-headed ogre is severely wounded.
You slash the two-headed ogre!
The two-headed ogre is severely wounded.
The two-headed ogre hits you with a +0 dire flail!
* * * LOW HITPOINT WARNING * * *
You block the two-headed ogre's attack.
You hit the two-headed ogre.
The two-headed ogre is almost dead.
The two-headed ogre hits you with a +0 dire flail!
* * * LOW HITPOINT WARNING * * *
The two-headed ogre hits you with a +0 giant club!
You die...

#################
#######
#...........>...#
#......
###############.#
#.##### #.# #.# #@#
#.# #O# #.# *
#.##########.#####
*
#............^....
#.................
* *
*#(..>.............
_
#(##########......
, *#.# #...... ,,,
*, #.# #......


You could see a two-headed ogre.

Vanquished Creatures
  A two-headed ogre (D:8)
  Prince Ribbit (D:5)
  A hippogriff (D:8)
  A wyvern (D:8)
  4 wargs (D:9)
  Duvessa (D:4)
  3 sky beasts
  2 orc warriors
  A phantom (D:8)
  An ogre (D:5)
  2 centaurs
  3 big kobolds
  A bullfrog (D:9)
  Dowan (D:4)
  4 wights (D:9)
  3 howler monkeys (D:8)
  4 electric eels (D:8)
  4 crimson imps
  3 hounds
  4 bullfrog skeletons
  3 jellies (D:7)
  6 orc priests
  3 centaur skeletons
  2 orc wizards
  An iguana (D:6)
  5 worker ants
  A hound zombie (D:7)
  2 hound skeletons
  2 howler monkey zombies (D:6)
  3 gnolls (D:7)
  A howler monkey skeleton (D:4)
  8 adders
  3 river rats (Sewer)
  A shadow imp (D:6)
  An adder skeleton (D:7)
  2 adder zombies
  3 worms
  3 leopard geckos
  18 orcs
  4 giant cockroaches
  2 hobgoblins (D:2)
  3 jackals
  22 kobolds
  5 quokkas
  4 ball pythons
  6 bats
  6 frilled lizards
  21 rats (Sewer)
186 creatures vanquished.

Vanquished Creatures (others)
  An orc (D:8)
  53 fungi (D:9)
  28 plants (D:9)
82 creatures vanquished.

Grand Total: 268 creatures vanquished

Notes
Turn   | Place    | Note
-------+----------+-------------------------------------------
     0 | D:1      | Flugslaktarn the Deep Dwarf Fighter began the quest for the
                  | Orb.
     0 | D:1      | Reached XP level 1. HP: 20/20 MP: 1/1
   122 | D:2      | Reached XP level 2. HP: 22/27 MP: 2/2
   211 | D:3      | Found a faded altar of an unknown god.
   253 | D:3      | Noticed a crimson imp
   284 | D:3      | Killed a crimson imp
   284 | D:3      | Reached skill level 3 in Axes
   284 | D:3      | Reached XP level 3. HP: 25/34 MP: 3/3
   460 | D:4      | Found a blossoming altar of Fedhas.
   526 | D:4      | Reached XP level 4. HP: 42/42 MP: 4/4
   565 | D:4      | Found Kyxkeprobe's Antique Weapon Shop.
   724 | D:4      | Reached skill level 4 in Axes
   724 | D:4      | Reached XP level 5. HP: 42/49 MP: 5/5
   767 | D:4      | Noticed Duvessa
   768 | D:4      | Found a hide-covered altar of Uskayaw.
   768 | D:4      | Found a glowing golden altar of the Shining One.
   768 | D:4      | Noticed Dowan
   796 | D:4      | Killed Duvessa
   796 | D:4      | Reached XP level 6. HP: 38/57 MP: 4/4
   799 | D:4      | Killed Dowan
   799 | D:4      | Reached skill level 5 in Axes
   864 | D:4      | Found a radiant altar of Vehumet.
  1262 | D:5      | Entered Level 5 of the Dungeon
  1269 | D:5      | Found an ancient bone altar of Kikubaaqudgha.
  1283 | D:5      | Noticed Prince Ribbit
  1341 | D:5      | Found a glowing drain.
  1360 | Sewer    | Entered a sewer
  1456 | Sewer    | Reached XP level 7. HP: 55/64 MP: 4/4
  1521 | Sewer    | Reached skill level 5 in Armour
  1521 | Sewer    | Reached skill level 5 in Shields
  1610 | Sewer    | Reached skill level 6 in Axes
  1999 | D:5      | Killed Prince Ribbit
  2068 | D:5      | Reached XP level 8. HP: 64/73 MP: 5/5
  2122 | D:5      | Found a shadowy altar of Dithmenos.
  2310 | D:5      | Reached skill level 7 in Axes
  2587 | D:6      | Found Cahyen's Weapon Emporium.
  2636 | D:6      | Reached skill level 5 in Fighting
  2640 | D:6      | Found a white marble altar of Elyvilon.
  2679 | D:6      | Found a snail-covered altar of Cheibriados.
  2801 | D:6      | Found a staircase to the Ecumenical Temple.
  2814 | Temple   | Entered the Ecumenical Temple
  2998 | D:4      | Bought a dazzling hand axe for 200 gold pieces
  2998 | D:4      | Identified the +5 hand axe "Mimeges" {antimagic, rPois
                  | Int+2 Stlth+} (You bought it in a shop on level 4 of the
                  | Dungeon)
  3195 | D:7      | Reached skill level 8 in Axes
  3666 | D:7      | Gained mutation: You passively map the area around you.
                  | [Deep Dwarf growth]
  3666 | D:7      | Reached XP level 9. HP: 62/81 MP: 2/6
  3994 | D:8      | Reached skill level 9 in Axes
  4042 | D:8      | Found Fiply's General Store.
  4174 | D:8      | Noticed a two-headed ogre
  4193 | D:8      | Killed a two-headed ogre
  4197 | D:8      | Found Gemp's Assorted Antiques.
  4211 | D:8      | Bought a scroll labeled WAUDWEOHEJO for 36 gold pieces
  4221 | D:8      | Gained mutation: You passively map a large area around you.
                  | [potion of mutation]
  4221 | D:8      | Gained mutation: Your system is resistant to poisons.
                  | (rPois) [potion of mutation]
  4221 | D:8      | Gained mutation: Your flesh is cold resistant. (rC+)
                  | [potion of mutation]
  4247 | D:8      | Found a blossoming altar of Fedhas.
  4372 | D:8      | Reached skill level 10 in Axes
  4544 | D:8      | Found Yskuobb's Assorted Antiques.
  4727 | D:9      | Reached XP level 10. HP: 58/92 MP: 1/3
  4903 | D:9      | Noticed a two-headed ogre
  4927 | D:9      | Mangled by a two-headed ogre

Levels and vault maps discovered:
D:1:      lightli_arrival_lavapool, layout_basic, nemelex_diamond_rough_becter
D:2:      layout_basic, uniq_sigmund, uniq_crazy_yiuf_cottage
D:3:      layout_rooms, minitemple, chequers_ecumenical_altar_island,
          chequers_big_river
D:4:      layout_basic, lemuel_doored_altar,
          chequers_temple_overflow_statue_of_worship, serial_shops, shop,
          first_ration, fedhas_altar_4, uniq_duvessa
D:5:      layout_basic, lemuel_coloured_pillars_altar,
          overflow_temple_1_default, cheibrodos_sewer_entry_sluice,
          uniq_prince_ribbit1
D:6:      layout_rooms, grunt_temple_overflow_open,
          minmay_temple_entry_stoned_glass, serial_shops,
          nicolae_shop_behind_doors
D:7:      layout_loops_corners
D:8:      layout_basic, kennysheep_mini_moat, serial_shops, shop,
          nicolae_shop_overgrown_old_shop, shop_fountains
D:9:      lemuel_slime, layout_small_grid, grunt_temple_overflow_bloody_war,
          due_lair_maze_entry_diamond, minmay_orc_entry_guard_dogs
Temple:   corrupted_temple

Skill      XL: |  1  2  3  4  5  6  7  8  9 10 |
---------------+-------------------------------+-----
Fighting       | 3 4 5 6 |  6.6
Axes           | 3 4 5 6 8 10 | 10.5
Shields        | 4 5 6 7 8 |  8.0
Armour         | 4 5 6 7 |  7.9

Action                   |  1- 3 |  4- 6 |  7- 9 | 10-12 || total
-------------------------+-------+-------+-------+-------++-------
Melee: War axe           |    81 |   135 |   219 |       ||   435
       Hand axe          |       |       |   223 |    44 ||   267
 Abil: Heal Wounds       |     1 |     7 |    23 |     4 ||    35
  Use: Scroll            |       |       |    15 |       ||    15
       Potion            |       |       |     1 |       ||     1
  Eat: Chunk             |       |     2 |    12 |       ||    14
Armor: Scale mail        |    69 |    62 |   156 |     8 ||   295
Dodge: Dodged            |    42 |    45 |   134 |    19 ||   240
Block: Kite shield       |    74 |   106 |   221 |    29 ||   430

Table legend:
 A = Non-vault XP
 B = Vault XP
 C = Vault XP percentage of total XP
 D = Non-vault monster count
 E = Vault monster count
 F = Vault count percentage of total count
                 A         B        C        D         E       F
            +---------+---------+-------+---------+---------+-------
      Total |    4904 |    1439 |  22.7 |     128 |      58 |  31.2
            +---------+---------+-------+---------+---------+-------
        D:1 |       8 |       0 |   0.0 |       5 |       0 |   0.0
        D:2 |       7 |       0 |   0.0 |       4 |       0 |   0.0
        D:3 |      62 |       0 |   0.0 |       7 |       0 |   0.0
        D:4 |     314 |     223 |  41.5 |      17 |       2 |  10.5
        D:5 |     649 |     267 |  29.1 |      18 |       4 |  18.2
        D:6 |     383 |       0 |   0.0 |      18 |       0 |   0.0
        D:7 |     744 |       0 |   0.0 |      27 |       0 |   0.0
        D:8 |    2159 |       0 |   0.0 |      23 |       0 |   0.0
        D:9 |     578 |     633 |  52.3 |       9 |       4 |  30.8
      Sewer |       0 |     316 | 100.0 |       0 |      48 | 100.0
            +---------+---------+-------+---------+---------+-------
